 Dungeon Crawl Stone Soup version bcrawl-1.35.5c (webtiles) character file.

Game seed: 12816788222792476633

149793 zoran the Sneak (level 5, -2/31 HPs)
             Began as a Kobold Enchanter on Mar 11, 2022.
             Killed from afar by Natasha (3 damage)
             ... with a magic dart
             ... on level 3 of the Dungeon.
             The game lasted 00:05:37 (2330 turns).

zoran the Sneak (Kobold Enchanter)                  Turns: 2330, Time: 00:05:38

Health: -2/31      AC:  5    Str:  6    XL:     5   Next: 63%
Magic:  2/9        EV: 16    Int: 16    God:
Gold:   210        SH:  0    Dex: 16    Spells: 7/10 levels left

rFire    . . .     SeeInvis .   a - +1 dagger
rCold    . . .     Gourm    .   (shield restricted)
rNeg     . . .     Faith    .   b - +0 robe
rPois    .         Spirit   .   (no helmet)
rElec    .         Reflect  .   c - +1 cloak
rCorr    .                      h - +0 pair of gloves
MR       .....                  (no boots)
Stlth    +++.......             (no amulet)
HPRegen  0.10/turn              (no ring)
MPRegen  0.11/turn              (no ring)

@: very slightly contaminated, invisible
A: small, talons 1, carnivore, mutation resistance 1, sense surroundings 2
a: no special abilities


You were on level 3 of the Dungeon.
You were very full.

You visited 1 branch of the dungeon, and saw 3 of its levels.

You collected 210 gold pieces.

Inventory:

Hand Weapons
 a - a +1 dagger (weapon)
 s - a +0 hunting sling
Missiles
 m - 179 sling bullets
Armour
 b - a +0 robe (worn)
 c - a +1 cloak (worn)
 h - a +0 pair of gloves (worn)
Jewellery
 l - an uncursed amulet of magic regeneration {unknown}
Scrolls
 d - 2 scrolls of fog
 f - 4 scrolls of teleportation
 g - a scroll of enchant armour {unknown}
 i - 5 scrolls of identify
 j - a scroll of immolation {unknown}
 q - a scroll of magic mapping {unknown}
Potions
 o - a potion of might {unknown}
 p - a potion of flight {unknown}
Comestibles
 e - 3 rations {!d}
 n - 3 chunks of flesh


   Skills:
 + Level 3.3 Short Blades
 + Level 3.7 Dodging
 + Level 5.6 Stealth
 + Level 3.2 Spellcasting
 - Level 3.0 Hexes


You had 7 spell levels left.
You knew the following spells:

 Your Spells              Type           Power        Failure   Level  Hunger
t - Ensorcelled Hibernat  Hex/Ice        #.....       16%         2    #......
z - Corona                Hex            ##.....      5%          1    None

Your spell library contained the following spells:

 Spells                   Type           Power        Failure   Level  Hunger
 Confuse                  Hex            ##......     16%         3    ####...
 Tukima's Dance           Hex            ##......     16%         3    ####...
 Dazzling Orbs            Conj/Hex       #......      30%         3    ####...
 Cause Fear               Hex            ##........   47%         4    #####..


Dungeon Overview and Level Annotations

Branches:
Dungeon (3/12)

Altars:

Annotations:
D:3 Natasha


Innate Abilities, Weirdness & Mutations

You are small and have problems with some larger weapons.
You have sharp toenails.
You are carnivorous and can eat meat at any time.
You are somewhat resistant to further mutation.
You passively map the area around you.


Message History

Natasha is almost dead.
The shadow imp hits you.
* * * LOW HITPOINT WARNING * * *
Natasha barely misses you.
It was a potion of heal wounds.
You feel much better.
The crimson imp disappears for a moment.
The shadow imp hits you. Natasha closely misses you.
You fade into invisibility!
The crimson imp disappears in a puff of smoke!
The shadow imp gestures at you. Pain shoots through your body!
Natasha casts a spell at you. The magic dart hits you!
* * * LOW HITPOINT WARNING * * *
You closely miss Natasha.
Natasha is almost dead.
Natasha barely misses you. The shadow imp barely misses you.
Natasha stares at you and mumbles some strange words.
The magic dart hits you.
You die...

* , , , #....'....... ,
...* #....######.# , *
#.#####....##.....# , , ,
*#, #.#........##.##### *
*#.<......###.#.###.# #
###.###.#####.#.# #.# # ,
......... ..#.#.###.#####
,,
......5h###.#.#.##.......
......w§@§..#.#.##.......
,
........§...#.#.##.......
,
............#.#.##.......
####........#.#.##......÷
,, #........#÷#.##.......
* #......)...#.##.......
#.........##.##.......
#........÷...##.......
#...>.....##..........


You could see a worm, Natasha and a shadow imp.

Vanquished Creatures
  A scorpion (D:2)
  Natasha (D:3)
  2 adders
  A worm (D:2)
  3 dart slugs
  2 leopard geckos
  An orc (D:3)
  A giant cockroach (D:1)
  5 goblins
  9 hobgoblins
  7 jackals (D:2)
  8 kobolds
  3 bats
  2 frilled lizards
  3 rats
49 creatures vanquished.

Notes
Turn   | Place    | Note
-------+----------+-------------------------------------------
     0 | D:1      | zoran the Kobold Enchanter began the quest for the Orb.
     0 | D:1      | Reached XP level 1. HP: 11/11 MP: 3/3
   140 | D:1      | Reached XP level 2. HP: 13/17 MP: 1/5
   393 | D:1      | Reached XP level 3. HP: 18/21 MP: 6/6
   483 | D:1      | Learned a level 2 spell: Ensorcelled Hibernation
  1077 | D:2      | Noticed a scorpion
  1088 | D:2      | Killed a scorpion
  1089 | D:2      | Reached skill level 5 in Stealth
  1089 | D:2      | Reached XP level 4. HP: 24/27 MP: 3/8
  1367 | D:2      | Reached XP level 5. HP: 16/31 MP: 1/9
  2281 | D:3      | Noticed Natasha
  2285 | D:3      | Killed Natasha
  2308 | D:3      | Noticed Natasha
  2328 | D:3      | HP: 1/31 [Natasha/magic dart (11)]
  2330 | D:3      | Killed from afar by Natasha

Skill      XL: |  1  2  3  4  5 |
---------------+----------------+-----
Short Blades   | 2 3 |  3.3
Hexes          | 3 |  3.0
Dodging        | 3 |  3.7
Stealth        | 5 |  5.6
Spellcasting   | 3 |  3.2

Action                   |  1- 3 |  4- 6 || total
-------------------------+-------+-------++-------
Melee: Dagger            |   106 |    83 ||   189
       Kick              |    14 |    13 ||    27
 Cast: Corona            |    16 |    11 ||    27
       Ensorcelled Hiber |     8 |    14 ||    22
  Use: Potion            |     1 |     2 ||     3
       Scroll            |     1 |       ||     1
 Stab: Invisible         |     3 |       ||     3
       Distracted        |     1 |       ||     1
       Sleeping          |     5 |    13 ||    18
  Eat: Chunk             |    12 |     6 ||    18
Armor: Robe              |    15 |    24 ||    39
Dodge: Dodged            |    91 |    93 ||   184
